 Dungeon Crawl Stone Soup version 0.32-a0-433-g08bcfe7efd (webtiles) character file.

Game seed: 17304696440440018384

65 pokeman the Magician (level 3, -3/20 HPs)
             Began as a Deep Elf Hedge Wizard on Feb 23, 2024.
             Slain by an orc
             ... wielding a +2 dagger of venom
              (4 damage)
             ... on level 2 of the Dungeon.
             The game lasted 00:03:01 (2430 turns).

pokeman the Magician (Deep Elf Hedge Wizard)        Turns: 2430, Time: 00:03:01

Health: -3/20      AC:  3    Str:  7    XL:     3   Next: 94%
Magic:  2/12       EV: 12    Int: 20    God:
Gold:   65         SH:  0    Dex: 14    Spells: 5/13 levels left

rFire   . . .        a - +0 dagger
rCold   + . .        (no shield)
rNeg    . . .        r - +0 leather armour of Fautses {rC+ Will+}
rPois   +            c - +0 hat
rElec   .            (no cloak)
rCorr   +            (no gloves)
SInv    .            (no boots)
Will    +....        (no amulet)
Stlth   ++           p - ring of poison resistance
HPRegen 0.23/turn    n - ring of resist corrosion
MPRegen 0.13/turn

%: no passive effects
@: mighty, lethally poisoned (-3 -> -6)
A: no striking features
a: no special abilities


You were on level 2 of the Dungeon.
You visited 1 branch of the dungeon, and saw 3 of its levels.

You collected 65 gold pieces.

Inventory:

Hand Weapons
 a - a +0 dagger (weapon)
Armour
 c - a +0 hat (worn)
 r - the +0 leather armour of Fautses (worn) {rC+ Will+}
   (You found it on level 3 of the Dungeon)

   rC+:       It protects you from cold.
   Will+:     It increases your willpower.
Jewellery
 i - a +6 ring of strength
 n - a ring of resist corrosion (right hand)
 p - a ring of poison resistance (left hand)
Scrolls
 e - a scroll of vulnerability {unknown}
 f - a scroll of amnesia {unknown}
 h - 3 scrolls of identify {unknown}
 j - 2 scrolls of noise {unknown}
 o - a scroll of enchant weapon {unknown}
Potions
 d - a potion of magic
 g - a potion of might
 k - a potion of attraction {unknown}
 l - a potion of brilliance {unknown}
 m - a potion of ambrosia {unknown}
 q - a potion of lignification {unknown}


   Skills:
 - Level 1.0 Fighting
 - Level 1.0 Armour
 + Level 2.5 Dodging
 + Level 2.5 Stealth
 * Level 5.5 Spellcasting
 + Level 2.0 Conjurations
 - Level 1.1 Summonings
 - Level 1.1 Translocations


You had 5 spell levels left.
You knew the following spells:

 Your Spells              Type           Power      Damage    Failure   Level
a - Magic Dart            Conj           52%        1d5       7%          1
b - Mephitic Cloud        Conj/Alch/Air  8%         N/A       36%         3
c - Call Imp              Summ           18%        N/A       16%         2
d - Blink                 Tloc           18%        N/A       16%         2

Your spell library contained the following spells:

 Spells                   Type           Power      Damage    Failure   Level
 Slow                     Hex            20%        N/A       16%         1
 Cigotuvi's Dreadful Rot  Necr/Alch/Air  10%        N/A       24%         2


Dungeon Overview and Level Annotations

Branches:
Dungeon (3/15)

Altars:

Annotations:
D:3 Robin


Message History

Confirm with . or Enter, or press ? or * to list all spells.
Aiming: Magic Dart (safe; 7% risk of failure)
Press: ? - help, Shift-Dir - straight line, f/p - orc
Aim: an orc, wielding a +2 dagger of venom and wearing a +0 leather armour (100% to hit)
The magic dart hits the orc but does no damage.
Casting: Magic Dart (safe; 7% risk of failure)
Confirm with . or Enter, or press ? or * to list all spells.
Aiming: Magic Dart (safe; 7% risk of failure)
Press: ? - help, Shift-Dir - straight line, f/p - orc
Aim: an orc, wielding a +2 dagger of venom and wearing a +0 leather armour (100% to hit)
The magic dart hits the orc but does no damage.
The orc hits you with a +2 dagger of venom.
Casting: Magic Dart (safe; 7% risk of failure)
Confirm with . or Enter, or press ? or * to list all spells.
Aiming: Magic Dart (safe; 7% risk of failure)
Press: ? - help, Shift-Dir - straight line, f/p - orc
Aim: an orc, wielding a +2 dagger of venom and wearing a +0 leather armour (100% to hit)
The magic dart hits the orc.
The orc is moderately wounded.
The orc barely misses you.
The orc hits you with a +2 dagger of venom.
You are lethally poisoned!
You climb upwards.
You feel very sick.
There is a stone staircase leading down here.
Unknown command.
You feel sick.
* * * LOW HITPOINT WARNING * * *
You feel sick. The orc attacks as it pursues you!
The orc hits you with a +2 dagger of venom.
* * * LOW HITPOINT WARNING * * *
Unknown command.
* * * LOW HITPOINT WARNING * * *
You feel sick.
It was a potion of might.
You feel very mighty all of a sudden.
* * * LOW HITPOINT WARNING * * *
You feel sick.
The orc hits you with a +2 dagger of venom.
You die...

###.###.### #.## #....# #...
#.......###.# #....####...
#####...##..# #....'..'...
###.##.## #....####...
#.#..# ###### ####
########.#.## #..........#
########
#........############.......
#.......>.o@.......<#.#####.
#........############.##....
########.# #.##..#. #.#
#.##.##. #.# ####.##....
#.#########....######
#....................
###########.######### #.#
#....#.


You could see an orc.

Vanquished Creatures
  A gnoll (D:1)
  A dart slug (D:2)
  2 orcs (D:3)
  3 ball pythons (D:1)
  4 endoplasms
  A giant cockroach (D:1)
  11 goblins
  4 hobgoblins
  3 kobolds
  A quokka (D:1)
  8 bats
  4 frilled lizards
  4 rats
47 creatures vanquished.

Notes
Turn   | Place    | Note
-------+----------+-------------------------------------------
     0 | D:1      | pokeman the Deep Elf Hedge Wizard began the quest for the
                  | Orb.
     0 | D:1      | Reached XP level 1. HP: 10/10 MP: 7/7
   293 | D:1      | Reached XP level 2. HP: 16/16 MP: 6/9
   792 | D:1      | Reached skill level 5 in Spellcasting
   937 | D:1      | Reached XP level 3. HP: 20/20 MP: 7/11
   942 | D:1      | Learned a level 3 spell: Mephitic Cloud
   945 | D:1      | Learned a level 2 spell: Call Imp
   948 | D:1      | Learned a level 2 spell: Blink
  1689 | D:2      | Reached skill level 1 in Fighting
  1689 | D:2      | Reached skill level 1 in Armour
  2181 | D:3      | Noticed Robin
  2348 | D:3      | Identified the +0 leather armour of Fautses {rC+ Will+}
  2430 | D:2      | HP: 1/20 [poisoned by an orc]
  2430 | D:2      | Slain by an orc

Illustrated notes

Levels and vault maps discovered:
D:1:      sevenhm_arrival_forest_fort_large_2, layout_basic,
          dreamdust_princess_bridge, kennysheep_small_spiral
D:2:      layout_basic, kennysheep_potato
D:3:      layout_basic, serial_shops, nicolae_lakefront_shop,
          nicolae_grassy_gnolls, uniq_ijyb, uniq_robin, uniq_natasha

Skill      XL: |  1  2  3 |
---------------+----------+-----
Spellcasting   | 5 |  5.5
Fighting       | 1 |  1.0
Armour         | 1 |  1.0
Conjurations   | 2 |  2.0
Dodging        | |  2.5
Stealth        | |  2.5
Summonings     | |  1.1
Translocations | |  1.1

Action                     || total
---------------------------++-------
  Melee: Dagger            ||     6
   Cast: Magic Dart        ||   107
         Mephitic Cloud    ||     1
    Use: Potion            ||     1
   Stab: Sleeping          ||     1
 Armour: Robe              ||     6
         Leather armour    ||     5
  Dodge: Dodged            ||    11

Table legend: (Time is in decaauts)
 A = Elapsed time spent in this place.
 B = Non-inter-level travel time spent in this place.
 C = Inter-level travel time spent in this place.
 D = Time resting spent in this place.
 E = Time spent auto-exploring this place.
 F = Levels seen in this place.
 G = Mean time per level.
                   A        B        C        D        E       F      G
               +--------+--------+--------+--------+--------+-----+--------+
         Total |   2428 |   2311 |    117 |     40 |   2015 |   3 |  809.3 |
       Dungeon |   2428 |   2311 |    117 |     40 |   2015 |   3 |  809.3 |
               +--------+--------+--------+--------+--------+-----+--------+

Top non-repeatable levels by time:
     D:1: 1387 daAuts
     D:2: 843 daAuts
     D:3: 197 daAuts
